AoeStats
← waltersfs97

MegaRandom

509628652Analyzed
3v3 RM · 4d ago on Sep 27, 2026· 54m 13s· 6 players
Game mode
Random Map
Map size
Normal (6 player)
Population
200
Speed
Normal
Resources
Standard
Victory
Conquest
Starting age
Dark Age
Ending age
Imperial Age
RankedLock teamsTeams togetherTeam positionsShared explorationLock speedFull tech treeHidden civsTurbo modeCheats
Victory
Defeat
🇫🇷 Burgundians · France
1227
+16
🇭🇰 Franks · Hong Kong SAR China
1224
+16
🇺🇸 Danes · United States
1156
+20
🇩🇪 Magyars · Germany
1246
-18
🇩🇪 Sicilians · Germany
1245
-18
🇩🇪 Persians · Germany
1203
-16
empty
4:52 Loom
11:21 Feudal Age
14:51 Forging
18:22 Castle Age
17:36 Forging
18:24 Scale Barding Armor
19:14 Double-Bit Axe
22:25 Chain Barding Armor
24:56 Husbandry
25:59 Gold Mining
27:38 Iron Casting
28:19 Town Watch
29:49 Wheelbarrow
31:04 Hand Cart
32:57 Scale Mail Armor
34:22 Gold Shaft Mining
35:32 Chain Mail Armor
34:55 Elite Skirmisher
36:20 Pikeman
37:01 Squires
40:06 Imperial Age
38:04 Padded Archer Armor
37:54 Fletching
39:12 Leather Archer Armor
40:23 Cavalier
41:56 Conscription
42:41 Blast Furnace
46:28 Light Cavalry
48:33 Plate Mail Armor
48:38 Plate Barding Armor
49:47 Town Patrol
51:23 Caravan
52:03 Bodkin Arrow
waltersfs97
9:42 Feudal Age
10:53 Horse Collar
11:11 Double-Bit Axe
11:34 Loom
11:38 Town Watch
12:11 Loom
13:22 Wheelbarrow
18:56 Castle Age
20:29 Bow Saw
20:21 Heavy Plow
20:15 Gold Mining
22:41 Scale Mail Armor
22:51 Forging
22:44 Squires
22:30 Arson
24:16 Chain Mail Armor
27:10 Iron Casting
25:58 Pikeman
31:45 Hamask
32:50 Ballistics
33:23 Fletching
34:24 Hand Cart
34:09 Town Patrol
34:36 Hand Cart
42:47 Imperial Age
42:51 Halberdier
43:15 Capped Ram
43:18 Northmen's Fury
44:20 Conscription
45:13 Plate Mail Armor
45:44 Blast Furnace
44:39 Siege Ram
48:12 Elite Varangian Guard
52:49 Onager
52:55 Heavy Scorpion
54:19 Caravan
Pedro
10:05 Feudal Age
11:41 Loom
14:25 Castle Age
12:43 Double-Bit Axe
21:42 Town Watch
26:04 Bow Saw
27:50 Wheelbarrow
27:42 Horse Collar
32:02 Fletching
35:18 Imperial Age
32:54 Gold Mining
33:07 Padded Archer Armor
33:02 Bodkin Arrow
34:53 Two-Man Saw
33:55 Heavy Plow
40:20 Conscription
42:36 Chemistry
43:12 Crop Rotation
42:47 Scale Mail Armor
42:58 Forging
44:04 Chain Mail Armor
44:21 Flemish Revolution
53:22 Plate Mail Armor
53:28 Iron Casting
53:24 Arson
53:39 Squires
Obi Lan
5:45 Loom
11:05 Feudal Age
11:25 Horse Collar
11:33 Double-Bit Axe
12:28 Wheelbarrow
18:09 Castle Age
19:13 Heavy Plow
21:18 Bow Saw
21:23 Scale Barding Armor
24:24 Gold Mining
27:20 Imperial Age
25:14 Hand Cart
24:48 Town Watch
25:03 Stone Mining
26:02 Scale Mail Armor
26:24 Pikeman
27:06 Squires
28:22 Chain Mail Armor
29:35 Ballistics
29:11 Murder Holes
29:28 Masonry
31:47 Halberdier
34:54 Plate Mail Armor
34:35 Forging
35:03 Arson
36:28 Town Patrol
39:23 Crop Rotation
39:38 Chain Barding Armor
39:54 Iron Casting
39:10 Fletching
39:46 Husbandry
39:06 Cavalier
40:29 Bloodlines
41:37 Savar
44:18 Two-Man Saw
43:56 Conscription
49:55 Coinage
51:55 Banking
Tonok
11:16 Feudal Age
11:30 Loom
11:38 Horse Collar
16:34 Castle Age
17:00 Scale Mail Armor
18:45 Wheelbarrow
25:19 Pikeman
26:57 Squires
29:40 Heavy Plow
31:34 Scale Barding Armor
31:40 Forging
31:47 Bloodlines
31:37 Husbandry
31:53 Double-Bit Axe
32:54 Husbandry
33:18 Chain Mail Armor
33:26 Chain Barding Armor
35:18 Town Watch
39:45 Imperial Age
41:25 Cavalier
43:19 Plate Barding Armor
42:41 Light Cavalry
47:37 Fletching
52:34 Chain Mail Armor
52:54 Iron Casting
52:58 Gambesons
52:33 Man-at-Arms
52:40 Halberdier
53:54 Man-at-Arms
takego
5:23 Loom
11:53 Feudal Age
12:18 Double-Bit Axe
12:15 Horse Collar
19:36 Castle Age
19:17 Scale Barding Armor
19:57 Bloodlines
20:33 Husbandry
21:19 Heavy Plow
22:11 Chain Barding Armor
23:06 Wheelbarrow
24:27 Fletching
25:29 Corvinian Army
27:43 Ballistics
36:00 Imperial Age
35:15 Masonry
35:54 Hand Cart
35:24 Town Watch
39:07 Parthian Tactics
38:38 Bodkin Arrow
38:44 Padded Archer Armor
39:36 Murder Holes
40:21 Bracer
40:57 Thumb Ring
42:49 Thumb Ring
45:00 Heavy Cavalry Archer
47:29 Recurve Bow
48:51 Bow Saw
48:43 Town Patrol
Connection lost

Rejoining the realm…

Still unreachable

The connection could not be restored.

Session expired

The server has moved on; the page needs a fresh start.